 Dungeon Crawl Stone Soup version 0.22-b1-21-g5cfc168 (webtiles) character file.

46 Lew the Sneak (level 3, -3/16 HPs)
             Began as a Vine Stalker Enchanter on Aug 6, 2018.
             Killed from afar by Sigmund (9 damage)
             ... with a wand of flame (20)
             ... on level 2 of the Dungeon.
             The game lasted 00:16:53 (2087 turns).

Lew the Sneak (Vine Stalker Enchanter)              Turns: 2087, Time: 00:16:53

Health: -3/16      AC:  3    Str: 10    XL:     3   Next: 68%
Magic:  0/8        EV: 12    Int: 16    God:
Gold:   95         SH:  0    Dex: 14    Spells: 6/7 levels left

rFire    . . .     SeeInvis .   a - +2 dagger
rCold    . . .     Gourm    +   (no shield)
rNeg     . . .     Faith    .   e - +0 robe
rPois    .         Spirit   +   (no helmet)
rElec    .         Reflect  .   (no cloak)
rCorr    .         Harm     .   (no gloves)
MR       .....                  f - +0 pair of boots
Stlth    +++.......             i - amulet of the gourmand
HPRegen  0.05/turn              (no ring)
MPRegen  0.11/turn              (no ring)

@: no status effects
A: fangs 2, magic shield, antimagic bite, no potion heal 3, rot immunity
a: no special abilities


You were on level 2 of the Dungeon.
You were very full.

You visited 1 branch of the dungeon, and saw 2 of its levels.

You collected 95 gold pieces.

Inventory:

Hand Weapons
 a - a +2 dagger (weapon)
 g - a +0 spear
Armour
 e - a +0 robe (worn)
 f - a +0 pair of boots (worn)
Jewellery
 i - an amulet of the gourmand (around neck)
Scrolls
 b - a scroll of fog
 h - a scroll of identify
Potions
 c - 2 potions of might
Comestibles
 d - 2 rations


   Skills:
 + Level 0.2 Fighting
 + Level 1.3 Short Blades
 * Level 1.8 Dodging
 * Level 4.0 Stealth
 * Level 2.9 Spellcasting
 + Level 3.4 Hexes


You had 6 spell levels left.
You knew the following spells:

 Your Spells              Type           Power        Failure   Level  Hunger
a - Corona                Hex            ##.....      4%          1    #......

Your spell library contained the following spells:

 Spells                   Type           Power        Failure   Level  Hunger
 Confuse                  Hex            ##......     14%         3    ###....
 Tukima's Dance           Hex            ##......     14%         3    ###....
 Confusing Touch          Hex            ##....       4%          1    #......
 Ensorcelled Hibernation  Hex/Ice        #.....       14%         2    ##.....
 Metabolic Englaciation   Hex/Ice        #.........   95%         5    ######.
 Petrify                  Tmut/Erth      #.......     88%         4    #####..
 Dazzling Spray           Conj/Hex       #.....       28%         3    ###....
 Gell's Gravitas          Tloc           #.........   50%         3    ###....
 Yara's Violent Unravell  Hex/Tmut       #.........   95%         5    ######.


Dungeon Overview and Level Annotations

Branches:
Dungeon (2/15)

Altars:

Annotations:
D:2 Sigmund


Innate Abilities, Weirdness & Mutations

You have extremely sharp teeth.
When hurt, damage is shared between your health and your magic reserves.
Your bite disrupts and absorbs the magic of your enemies.
Potions cannot restore your health.
You are immune to rotting.


Message History

The goblin falls through a shaft!
The shaft crumbles and collapses.
That item cannot be evoked!
Sigmund shouts!
Sigmund zaps a wand.
The puff of flame hits you!
It is a wand of flame (21).
Sorry, you're not good enough to have a special ability.
Casting: Corona (safe; 4% risk of failure)
Confirm with . or Enter, or press ? or * to list all spells.
Aiming: Corona (safe; 4% risk of failure)
Press: ? - help, Shift-Dir - straight line, f - Sigmund
Aim: Sigmund, wielding a scythe of slicing, wearing a robe and carrying a wand of flame (21) (chance to defeat MR: 58%) Sigmund is outlined in light.
Casting: Corona (safe; 4% risk of failure)
Confirm with . or Enter, or press ? or * to list all spells.
Aiming: Corona (safe; 4% risk of failure)
Press: ? - help, Shift-Dir - straight line, f/p - Sigmund
Aim: Sigmund, wielding a scythe of slicing, wearing a robe and carrying a wand of flame (21) (softly glowing, chance to defeat MR: 58%) Sigmund glows brighter.
Sigmund zaps a wand.
The puff of flame hits you!
Sigmund zaps a wand.
The puff of flame hits you!
Ouch! That really hurt!
You die...

##.###..# #..#..#.#.# #
#..#.#.###.###...#...#
#.#.##.##.## #.#####.#
#......###.###...#...#
###.#### ##.#....#.# #
#.# ##.#.#...# #.#
#####.###.#
########.######.........#
#.....##....@##..##..#..#
#.###.######.##..##.....#
## ####.###.###
#.@.......#.## #.
##........รท.#
####...##.#.# #.
...##.###.#.# #(..##.#.#
#. #####.###.#.#
#........#####. #.....#.#
##...#####..... #######.#
#...#####.#.#. ######
#.).# #...#...#.#.#.


You could see Sigmund.

Vanquished Creatures
  An adder (D:2)
  3 dart slugs
  3 giant cockroaches
  3 goblins
  3 hobgoblins (D:1)
  2 jackals (D:1)
  A ball python (D:1)
  6 bats
  3 frilled lizards
  4 kobolds
  3 rats
32 creatures vanquished.

Notes
Turn   | Place    | Note
-------+----------+-------------------------------------------
     0 | D:1      | Lew the Vine Stalker Enchanter began the quest for the Orb.
     0 | D:1      | Reached XP level 1. HP: 9/9 MP: 4/4
   249 | D:1      | Reached XP level 2. HP: 4/13 MP: 1/6
   250 | D:1      | Reached skill level 1 in Short Blades
  1157 | D:1      | Reached XP level 3. HP: 16/16 MP: 7/7
  1818 | D:2      | Reached skill level 4 in Stealth
  1910 | D:2      | Noticed Sigmund
  2087 | D:2      | Killed from afar by Sigmund

Skill      XL: |  1  2  3 |
---------------+----------+-----
Short Blades   | 1 |  1.3
Stealth        | 4 |  4.0
Fighting       | |  0.2
Dodging        | |  1.8
Spellcasting   | |  2.9
Hexes          | |  3.4

Action                   || total
-------------------------++-------
Melee: Dagger            ||    85
       Bite              ||    15
 Cast: Corona            ||    25
  Use: Scroll            ||     5
       Potion            ||     2
 Stab: Sleeping          ||     3
  Eat: Chunk             ||     9
       Ration            ||     1
Armor: Robe              ||    33
Dodge: Dodged            ||    64
